 Dungeon Crawl Stone Soup version 0.29.1-2-gbd0b4ee654 (webtiles) character file.

Game seed: 1510405281130840007

23 GorkyZ the Poker (level 2, -4/18 HPs)
             Began as a Gargoyle Gladiator on Nov 23, 2022.
             Slain by a worm (6 damage)
             ... on level 2 of the Dungeon.
             The game lasted 00:02:30 (912 turns).

GorkyZ the Poker (Gargoyle Gladiator)                Turns: 912, Time: 00:02:31

Health: -4/18      AC:  7    Str: 17    XL:     2   Next: 95%
Magic:  2/2        EV: 12    Int:  8    God:
Gold:   84         SH:  0    Dex: 11    Spells: 1/1 levels left

rFire   . . .      SeeInvis .   q - +0 spear
rCold   . . .      Faith    .   (no shield)
rNeg    + . .      Spirit   .   b - +0 leather armour
rPois   ∞          Reflect  .   c - +0 helmet
rElec   +          Harm     .   (no cloak)
rCorr   .          Rampage  .   i - +0 pair of gloves
Will    .....                   (no boots)
Stlth   +.........              (no amulet)
HPRegen 0.06/turn               (no ring)
MPRegen 0.08/turn               (no ring)

@: no status effects
A: sickness immunity, AC +2, negative energy resistance 1, electricity
resistance, torment resistance 1, petrification resistance
a: no special abilities


You were on level 2 of the Dungeon.
You visited 1 branch of the dungeon, and saw 2 of its levels.

You collected 84 gold pieces.

Inventory:

Hand Weapons
 a - a +0 trident
 q - a +0 spear (weapon)
Missiles
 d - 3 throwing nets (quivered)
 e - a javelin
Armour
 b - a +0 leather armour (worn)
 c - a +0 helmet (worn)
 i - a +0 pair of gloves (worn)
Jewellery
 f - a ring of fire
Scrolls
 g - a scroll of blinking {unknown}
 j - a scroll of enchant armour {unknown}
 o - 2 scrolls of teleportation {unknown}
Potions
 h - 2 potions of heal wounds {unknown}
 k - a potion of attraction {unknown}
 l - a potion of haste {unknown}
 m - a potion of mutation {unknown}
 n - a potion of brilliance {unknown}
 p - a potion of resistance {unknown}


   Skills:
 + Level 2.5 Fighting
 * Level 3.1 Polearms
 + Level 2.1 Throwing
 + Level 2.6 Dodging


You had one spell level left.
You didn't know any spells.
Your spell library was empty.

Dungeon Overview and Level Annotations

Branches:
Dungeon (2/15)

Altars:


Innate Abilities, Weirdness & Mutations

You are immune to sickness and miasma.
Your stone body is resilient. (AC +2)
You are immune to poison.
You resist negative energy. (rN+)
You are resistant to electric shocks. (rElec)
You are resistant to unholy torment.
You are immune to petrification.


Message History

The kobold is severely wounded.
The giant cockroach barely misses you. The kobold misses you.
The giant cockroach barely misses you.
You hit the kobold.
You kill the kobold!
The giant cockroach bites you.
You hit the giant cockroach.
You kill the giant cockroach!
You barely miss the worm. You hit the worm.
The worm is lightly wounded.
The worm bites you.
You are too injured to fight recklessly!
You are too injured to fight recklessly!
You are too injured to fight recklessly!
You are too injured to fight recklessly!
You are too injured to fight recklessly!
You are too injured to fight recklessly!
You are too injured to fight recklessly!
You are too injured to fight recklessly!
You hit the worm.
The worm is moderately wounded.
The worm bites you.
You hit the worm but do no damage. Your punch misses the worm.
The worm is moderately wounded.
You hit the worm.
The worm is heavily wounded.
The worm barely misses you.
You hit the worm but do no damage.
The worm is moderately wounded.
You puncture the worm!
The worm is severely wounded.
The worm bites you.
* * * LOW HITPOINT WARNING * * *
You hit the worm but do no damage.
The worm is severely wounded.
You barely miss the worm.
The worm is severely wounded.
The worm bites you.
You die...

#....#)#
..#........?..
#.##.#..
..#..........
#.##.###
.........$.
#.##....
#.....!..
#.######
#.......##
#.####..
#........##
#.#.....
#.)w....#
#.#.##.#
#..@..# #.#
#...
#.....#+###
#.# #..#
###.......#
#.# #.#.
#.......# #.#
####
#.......###.#
#........##.#
#.....).†...#
#.......##..>#
#.......####.#


You could see a worm.

Vanquished Creatures
  A dart slug (D:1)
  A bat (D:1)
  An endoplasm (D:2)
  A giant cockroach (D:2)
  A hobgoblin (D:1)
  A quokka (D:1)
  A ball python (D:1)
  2 frilled lizards
  5 goblins
  3 kobolds
  2 rats
19 creatures vanquished.

Notes
Turn   | Place    | Note
-------+----------+-------------------------------------------
     0 | D:1      | GorkyZ the Gargoyle Gladiator began the quest for the Orb.
     0 | D:1      | Reached XP level 1. HP: 12/12 MP: 1/1
   194 | D:1      | Found a faded altar of an unknown god.
   294 | D:1      | Reached XP level 2. HP: 18/18 MP: 2/2
   490 | D:1      | Reached skill level 3 in Polearms
   912 | D:2      | Slain by a worm

Illustrated notes

Levels and vault maps discovered:
D:1:      dpeg_arrival_solitude, layout_loops_cross,
          dreamdust_ecumenical_altar_grove
D:2:      layout_basic

Skill      XL: |  1  2 |
---------------+-------+-----
Throwing       | 2 |  2.1
Polearms       | 3 |  3.1
Fighting       | |  2.5
Dodging        | |  2.6

Action                   || total
-------------------------++-------
Melee: Trident           ||    52
       Spear             ||    24
Armor: Leather armour    ||    19
Dodge: Dodged            ||    33
